 Dungeon Crawl Stone Soup version 0.29-a0-721-g7f417c9bbb (webtiles) character file.

Game seed: 3287557091222257990

28 inmateoo the Ruffian (level 3, -1/28 HPs)
             Began as a Demonspawn Gladiator on June 27, 2022.
             Slain by a gnoll
             ... wielding a +0 spear
              (2 damage)
             ... on level 2 of the Dungeon.
             The game lasted 00:01:09 (1241 turns).

inmateoo the Ruffian (Demonspawn Gladiator)         Turns: 1241, Time: 00:01:10

Health: -1/28      AC:  4    Str: 16    XL:     3   Next: 0%
Magic:  3/3        EV: 12    Int:  9    God:
Gold:   81         SH:  0    Dex: 14    Spells: 2/2 levels left

rFire   . . .      SeeInvis .     - Unarmed
rCold   . . .      Faith    .   (no shield)
rNeg    . . .      Spirit   .   a - +0 leather armour
rPois   .          Reflect  .   b - +0 helmet
rElec   .          Harm     .   (no cloak)
rCorr   .          Rampage  .   (no gloves)
Will    .....                   (no boots)
Stlth   +.........              (no amulet)
HPRegen 0.09/turn               (no ring)
MPRegen 0.08/turn               (no ring)

@: no status effects
A: hooves 1
a: no special abilities


You were on level 2 of the Dungeon.
You visited 1 branch of the dungeon, and saw 2 of its levels.

You collected 81 gold pieces.

Inventory:

Missiles
 c - 2 throwing nets (quivered)
 d - a javelin
Armour
 a - a +0 leather armour (worn)
 b - a +0 helmet (worn)
Scrolls
 h - a scroll of teleportation
Potions
 f - a potion of curing {unknown}
 i - a potion of degeneration {unknown}


   Skills:
 + Level 2.3 Fighting
 - Level 1.7 Throwing
 + Level 0.8 Armour
 + Level 3.0 Dodging
 * Level 3.2 Unarmed Combat


You had 2 spell levels left.
You didn't know any spells.
Your spell library contained the following spells:

 Spells                   Type           Power      Damage    Failure   Level
 Scorch                   Fire           0%         2d5       58%         2
 Flame Wave               Conj/Fire      0%         2d4       99%         4
 Summon Cactus Giant      Summ           0%         N/A       100%        6


Dungeon Overview and Level Annotations

Branches:
Dungeon (2/15)

Altars:


Innate Abilities, Weirdness & Mutations

You have large cloven feet.


Message History

Your experience leads to an increase in your attributes!
Increase (S)trength, (I)ntelligence, or (D)exterity?
You feel stronger. x2
You start resting.
HP restored.
You see here a +0 dagger.
A sourceless malevolence fills the Dungeon... and a teleportation trap spontaneously manifests!
You are yanked towards some nearby monsters!
Your surroundings suddenly seem different.
A gnoll and a kobold come into view.
The gnoll shouts!
The kobold shouts!
You hear a shout!
The gnoll throws a throwing net.
The throwing net hits you.
You become entangled in the net!
You see here a throwing net.
There are monsters nearby!
You struggle against the net.
You struggle against the net.
The kobold barely misses you.
The gnoll hits you from afar with a +0 halberd.
You shred the net and break free! The kobold barely misses you.
The gnoll throws a throwing net.
The throwing net hits you.
You become entangled in the net!
You struggle against the net.
The kobold completely misses you. The gnoll barely misses you.
A gnoll comes into view. It is wielding a +0 spear.
You struggle against the net.
The gnoll hits you from afar with a +0 halberd!
The kobold hits you with a +0 dagger.
You struggle against the net.
The kobold hits you but does no damage.
The gnoll hits you from afar with a +0 halberd!
* * * LOW HITPOINT WARNING * * *
A gnoll comes into view. It is wielding a +0 spear.
You struggle against the net.
The kobold hits you with a +0 dagger.
* * * LOW HITPOINT WARNING * * *
The gnoll barely misses you.
You rip the net and break free!
The kobold hits you with a +0 dagger.
* * * LOW HITPOINT WARNING * * *
The gnoll hits you but does no damage. The kobold hits you but does no damage.
The gnoll hits you from afar with a +0 spear.
You die...

.#####.##.#####
#..##....†..#
.....#.#.#..######
#..##......<......
#.. ##.#>#†###.###
#.. .......# #.#
#.######..## #.#
#.# #.. #.#
#@######..# #.#
#.K....... #.#
#....gg.........
#.#
......######...
#(# ...... ..
..... #.... ##.#
#.


You could see a gnoll and a kobold.

Vanquished Creatures
  An adder (D:2)
  A dart slug (D:1)
  2 endoplasms (D:1)
  3 goblins
  A quokka (D:2)
  2 ball pythons (D:1)
  2 bats (D:1)
  A frilled lizard (D:1)
  2 kobolds (D:1)
  3 rats
18 creatures vanquished.

Notes
Turn   | Place    | Note
-------+----------+-------------------------------------------
     0 | D:1      | inmateoo the Demonspawn Gladiator began the quest for the
                  | Orb.
     0 | D:1      | Reached XP level 1. HP: 16/16 MP: 1/1
   179 | D:1      | Found a faded altar of an unknown god.
   418 | D:1      | Gained mutation: You have large cloven feet. [demonic
                  | ancestry]
   418 | D:1      | Reached XP level 2. HP: 13/22 MP: 2/2
  1032 | D:2      | Reached XP level 3. HP: 10/28 MP: 3/3
  1240 | D:2      | HP: 1/28 [kobold/+0 dagger (2)]
  1241 | D:2      | Slain by a gnoll

Illustrated notes

Levels and vault maps discovered:
D:1:      minmay_arrival_checkered_box, layout_loops_ring,
          shapermc_ecumenical_altar_mp_urbaneastern, hex_medium,
          amethyst_killhole
D:2:      layout_loops_ring

Skill      XL: |  1  2 |
---------------+-------+-----
Unarmed Combat | 3 |  3.2
Dodging        | 3 |  3.0
Fighting       | |  2.3
Throwing       | |  1.7
Armour         | |  0.8

Action                   || total
-------------------------++-------
Melee: Unarmed           ||    68
       Punch             ||     2
       Kick              ||    11
Throw: Throwing net      ||     1
  Use: Scroll            ||     3
Armor: Leather armour    ||    32
Dodge: Dodged            ||    53

Table legend: (Time is in decaauts)
 A = Elapsed time spent in this place.
 B = Non-inter-level travel time spent in this place.
 C = Inter-level travel time spent in this place.
 D = Time resting spent in this place.
 E = Time spent auto-exploring this place.
 F = Levels seen in this place.
 G = Mean time per level.
                   A        B        C        D        E       F      G
               +--------+--------+--------+--------+--------+-----+--------+
         Total |   1237 |   1216 |     21 |    360 |    635 |   2 |  618.5 |
       Dungeon |   1237 |   1216 |     21 |    360 |    635 |   2 |  618.5 |
               +--------+--------+--------+--------+--------+-----+--------+

Top non-repeatable levels by time:
     D:1: 768 daAuts
     D:2: 469 daAuts
